 Dungeon Crawl Stone Soup version 0.22-a0-271-gc000056 (webtiles) character file.

233 tidbits the Insei (level 6, 0/47 HPs)
             Began as a Gnoll Transmuter on Mar 11, 2018.
             Slain by a shadow imp (4 damage)
             ... on level 5 of the Dungeon.
             The game lasted 00:04:16 (535 turns).

tidbits the Insei (Gnoll Transmuter)                 Turns: 535, Time: 00:04:17

Health: 0/47       AC:  2    Str: 12    XL:     6   Next: 4%
Magic:  4/13       EV: 24    Int: 18    God:
Gold:   108        SH:  0    Dex: 20    Spells: 9/15 levels left

rFire    . . .     SeeInvis .     - Unarmed
rCold    . . .     Gourm    .   (shield currently unavailable)
rNeg     . . .     Faith    .   (armour currently unavailable)
rPois    x         Spirit   .   (helmet currently unavailable)
rElec    .         Reflect  .   (cloak currently unavailable)
rCorr    .         Harm     .   (gloves currently unavailable)
MR       .....                  (boots currently unavailable)
Stlth    ++........             (no amulet)
HPRegen  0.15/turn              (no ring)
MPRegen  0.13/turn              (no ring)

@: spider-form (expiring)
A: tiny, distributed training, strong nose
a: End Transformation


You were on level 5 of the Dungeon.
You were not hungry.
You were a venomous arachnid creature.
You visited 1 branch of the dungeon, and saw 5 of its levels.

You collected 108 gold pieces.

Inventory:

Hand Weapons
 c - a +0 hunting sling
 g - a +0 short sword
 j - a +0 dagger (melded)
Missiles
 a - 23 arrows
 b - 4 tomahawks (quivered)
 h - 16 stones
Armour
 B - a +0 robe (melded)
 C - a +0 cloak (melded)
Scrolls
 i - 2 scrolls of remove curse {unknown}
 k - 2 scrolls of teleportation {unknown}
 n - a scroll of fog {unknown}
 o - a scroll of enchant weapon {unknown}
Potions
 e - a potion of degeneration {unknown}
 f - a potion of curing {unknown}
 l - a potion of mutation {unknown}
 m - a potion of haste {unknown}
 q - a potion of heal wounds {unknown}
Comestibles
 d - 3 rations


   Skills:
 + Level 3.1 Fighting
 + Level 1.7 Short Blades
 + Level 1.7 Long Blades
 + Level 1.7 Axes
 + Level 1.7 Maces & Flails
 + Level 1.7 Polearms
 + Level 1.7 Staves
 + Level 1.7 Slings
 + Level 1.7 Bows
 + Level 1.7 Crossbows
 + Level 1.7 Throwing
 + Level 1.7 Armour
 + Level 4.9 Dodging
 + Level 1.7 Stealth
 + Level 1.7 Shields
 + Level 6.7 Unarmed Combat
 + Level 5.2 Spellcasting
 + Level 1.3 Conjurations
 + Level 1.3 Hexes
 + Level 1.3 Charms
 + Level 1.3 Summonings
 + Level 1.3 Necromancy
 + Level 1.3 Translocations
 + Level 4.0 Transmutations
 + Level 1.3 Fire Magic
 + Level 1.3 Ice Magic
 + Level 1.3 Air Magic
 + Level 1.3 Earth Magic
 + Level 1.3 Poison Magic
 + Level 1.9 Invocations
 + Level 1.7 Evocations


You had 9 spell levels left.
You knew the following spells:

 Your Spells              Type           Power        Failure   Level  Hunger
e - Beastly Appendage     Tmut           ###...       10%         1    None
k - Sticks to Snakes      Tmut           ###.....     12%         2    #......
p - Spider Form           Tmut/Pois      ##........   30%         3    ##.....


Dungeon Overview and Level Annotations

Branches:
Dungeon (5/15)
 Temple: D:4-7

Altars:
Kikubaaqudgha


Innate Abilities, Weirdness & Mutations

Your experience applies equally to all skills.
((You have very sharp teeth.))
Your uncanny sense of smell can sniff out nearby items.


Message History

Things that are here:
a falchion; a leather armour
Found 4 tomahawks.
Your transformation is almost over.
Your magical contamination has completely faded away.
You see here 4 tomahawks.
b - 4 tomahawks A leopard gecko comes into view.
Throwing (i - inventory. (/) - cycle)
h - 17 stones (quivered)
Press: ? - help, Shift-Dir - straight line, f - leopard gecko
Aim: a leopard gecko (resting)
You throw a stone. The stone hits the leopard gecko.
The leopard gecko is heavily wounded.
Quiver which item? (- for none, * to show all) (? for menu, Esc to quit)
Quivering
b - 4 tomahawks for throwing.
Throwing (i - inventory. (/) - cycle)
b - 4 tomahawks (quivered)
Press: ? - help, Shift-Dir - straight line, f/p - leopard gecko
Aim: a leopard gecko (heavily wounded)
You throw a tomahawk.
The tomahawk hits the leopard gecko but does no damage.
The leopard gecko is heavily wounded.
The leopard gecko hisses menacingly.
Casting: Beastly Appendage (safe; 2% risk of failure)
Confirm with . or Enter, or press ? or * to list all spells.
You extend your transformation's duration.
You hit the leopard gecko.
You kill the leopard gecko!
You see here a tomahawk.
b - 4 tomahawks (gained 1)
Your transformation is almost over.
Found a stone staircase leading down.
Found a leather armour.
Found a stone staircase leading down.
Your talons disappear.
There is a stone staircase leading down here.
You climb downwards.
A bullfrog zombie comes into view.
Found 30 gold pieces.
Found a stone staircase leading down.
There is a stone staircase leading up here.
Wield which item (- for none, * to show all)? (? for menu, Esc to quit)
j - a +0 dagger (weapon)
Casting: Beastly Appendage (safe; 2% risk of failure)
Confirm with . or Enter, or press ? or * to list all spells.
You turn into a venomous arachnid creature.
Your +0 dagger melds into your body.
Your +0 cloak melds into your body.
Your +0 robe melds into your body.
The bullfrog zombie completely misses you. x2
Casting: Spider Form (safe; 32% risk of failure)
Confirm with . or Enter, or press ? or * to list all spells.
You create a snake!
You now have 23 arrows.
The bullfrog zombie barely misses you.
You hit the bullfrog zombie.
The bullfrog zombie is lightly damaged.
The bullfrog zombie completely misses you.
You bite the bullfrog zombie!
The bullfrog zombie is moderately damaged.
The bullfrog zombie completely misses you.
Your adder bites the bullfrog zombie.
You bite the bullfrog zombie!
The bullfrog zombie is almost destroyed.
The bullfrog zombie misses you.
Your adder bites the bullfrog zombie.
The bullfrog zombie is destroyed!
You have reached level 6!
Your experience leads to an increase in your attributes!
Your base attributes are Str 12, Int 17, Dex 15.
Increase (S)trength, (I)ntelligence, or (D)exterity?
You feel clever.
Your adder looks stronger.
You see here 19 gold pieces.
You now have 97 gold pieces (gained 19).
You see here 11 gold pieces.
You now have 108 gold pieces (gained 11).
Your transformation is almost over.
You open the door.
An adder and a shadow imp come into view.
Found 10 gold pieces.
Found a stone staircase leading up.
The shadow imp shouts, "Give up, thou bawdy shard-borne hedge-pig!"
The shadow imp gestures at you.
You barely resist.
There is an open door here.
You hear a distant blaring wail to the southwest.
The shadow imp gestures at you. Pain shoots through your body!
* * * LOW HITPOINT WARNING * * *
The adder misses you.
You hit the adder.
The adder is poisoned.
The adder is lightly wounded.
Your adder closely misses the adder.
The adder barely misses you.
Your adder closely misses the adder.
You hit the adder.
The adder looks as sick as possible!
The adder is lightly wounded.
The adder bites you.
* * * LOW HITPOINT WARNING * * *
Your adder bites the adder but does no damage.
You hit the adder.
You kill the adder!
The shadow imp hits you.
You die...

##### ##$..##
#..... #....#
### #...5##.....
#.<.s.......
#######S###.....
#...##...## ...
#...<..>..# .
##.........#
#.........## ∆
#.........#
##........+
#...###..#


You could see a shadow imp and a friendly adder.

Vanquished Creatures
  An ice beast (D:3)
  An orc wizard (D:4)
  Crazy Yiuf (D:4)
  A centaur skeleton (D:4)
  2 adders
  A dart slug (D:1)
  A leopard gecko (D:4)
  2 orcs (D:4)
  2 giant cockroaches
  A goblin (D:2)
  2 hobgoblins
  2 jackals (D:1)
  A bat (D:1)
  2 frilled lizards (D:1)
  4 kobolds
  A rat (D:2)
  A fungus (D:4)
26 creatures vanquished.

Vanquished Creatures (collateral kills)
  A bullfrog zombie (D:5)
  A giant cockroach (D:3)
  A jackal (D:1)
3 creatures vanquished.

Grand Total: 29 creatures vanquished

Notes
Turn   | Place    | Note
-------+----------+-------------------------------------------
     0 | D:1      | tidbits the Gnoll Transmuter began the quest for the Orb.
     0 | D:1      | Reached XP level 1. HP: 17/17 MP: 6/6
    91 | D:1      | Reached XP level 2. HP: 23/23 MP: 5/7
    95 | D:1      | Learned a level 2 spell: Sticks to Snakes
   181 | D:2      | Found an ancient bone altar of Kikubaaqudgha.
   359 | D:3      | Noticed an ice beast
   371 | D:3      | Killed an ice beast
   371 | D:3      | Reached skill level 1 in Short Blades
   371 | D:3      | Reached skill level 1 in Long Blades
   371 | D:3      | Reached skill level 1 in Axes
   371 | D:3      | Reached skill level 1 in Maces & Flails
   371 | D:3      | Reached skill level 1 in Polearms
   371 | D:3      | Reached skill level 1 in Staves
   371 | D:3      | Reached skill level 1 in Slings
   371 | D:3      | Reached skill level 1 in Bows
   371 | D:3      | Reached skill level 1 in Crossbows
   371 | D:3      | Reached skill level 1 in Throwing
   371 | D:3      | Reached skill level 1 in Armour
   371 | D:3      | Reached skill level 1 in Stealth
   371 | D:3      | Reached skill level 1 in Shields
   371 | D:3      | Reached skill level 5 in Spellcasting
   371 | D:3      | Reached skill level 1 in Conjurations
   371 | D:3      | Reached skill level 1 in Hexes
   371 | D:3      | Reached skill level 1 in Charms
   371 | D:3      | Reached skill level 1 in Summonings
   371 | D:3      | Reached skill level 1 in Necromancy
   371 | D:3      | Reached skill level 1 in Translocations
   371 | D:3      | Reached skill level 1 in Fire Magic
   371 | D:3      | Reached skill level 1 in Ice Magic
   371 | D:3      | Reached skill level 1 in Air Magic
   371 | D:3      | Reached skill level 1 in Earth Magic
   371 | D:3      | Reached skill level 1 in Poison Magic
   371 | D:3      | Reached skill level 1 in Invocations
   371 | D:3      | Reached skill level 1 in Evocations
   371 | D:3      | Reached XP level 3. HP: 13/28 MP: 3/9
   371 | D:3      | Reached XP level 4. HP: 16/34 MP: 3/11
   376 | D:3      | Learned a level 3 spell: Spider Form
   421 | D:4      | Found a runed door.
   425 | D:4      | Noticed Crazy Yiuf
   429 | D:4      | Killed Crazy Yiuf
   429 | D:4      | Reached XP level 5. HP: 26/40 MP: 4/12
   460 | D:4      | Reached skill level 3 in Fighting
   470 | D:4      | Reached skill level 4 in Transmutations
   508 | D:5      | Entered Level 5 of the Dungeon
   514 | D:5      | Reached XP level 6. HP: 18/47 MP: 2/13
   534 | D:5      | HP: 4/47 [adder (3)]
   535 | D:5      | Slain by a shadow imp

Vault maps used:
D:1:      minmay_arrival_cross, minmay_misc_feat_roman, minmay_misc_feat_x,
          corexii_item_surrounded_by_moat, hex_intersection,
          wad_floor_pattern_untrapped
D:2:      old_standard_altar, okawaru_ov_weapons_minmay, lemuel_blue_sif_altar,
          minmay_hexomino_p4
D:3:      gammafunk_temple_overflow_elements, serial_glass, glass_columns_b,
          glass_columns_b, glass_columns_a, glass_columns_a, glass_columns_b,
          glass_columns_c, first_ration
D:4:      vehumet_altar_wand_db, minmay_tree_intersection,
          uniq_crazy_yiuf_cottage
D:5:      lemuel_round_altar, lightli_temple_of_fire, uniq_duvessa

Skill      XL: |  1  2  3  4  5 |
---------------+----------------+-----
Short Blades   | 1 |  1.7
Long Blades    | 1 |  1.7
Axes           | 1 |  1.7
Maces & Flails | 1 |  1.7
Polearms       | 1 |  1.7
Staves         | 1 |  1.7
Slings         | 1 |  1.7
Bows           | 1 |  1.7
Crossbows      | 1 |  1.7
Throwing       | 1 |  1.7
Armour         | 1 |  1.7
Stealth        | 1 |  1.7
Shields        | 1 |  1.7
Spellcasting   | 5 |  5.2
Conjurations   | 1 |  1.3
Hexes          | 1 |  1.3
Charms         | 1 |  1.3
Summonings     | 1 |  1.3
Necromancy     | 1 |  1.3
Translocations | 1 |  1.3
Fire Magic     | 1 |  1.3
Ice Magic      | 1 |  1.3
Air Magic      | 1 |  1.3
Earth Magic    | 1 |  1.3
Poison Magic   | 1 |  1.3
Invocations    | 1 |  1.9
Evocations     | 1 |  1.7
Fighting       | 3 |  3.1
Transmutations | 4 |  4.0
Dodging        | |  4.9
Unarmed Combat | |  6.7

Action                   |  1- 3 |  4- 6 || total
-------------------------+-------+-------++-------
Melee: Unarmed           |    47 |    26 ||    73
       Bite              |     3 |     2 ||     5
       Headbutt          |     2 |       ||     2
       Kick              |     2 |     5 ||     7
       Punch             |       |     1 ||     1
Throw: Stone             |       |     1 ||     1
       Tomahawk          |       |     1 ||     1
 Cast: Beastly Appendage |     9 |     3 ||    12
       Sticks to Snakes  |     3 |     2 ||     5
       Spider Form       |       |     3 ||     3
 Stab: Sleeping          |       |     1 ||     1
Armor: Robe              |     4 |       ||     4
Dodge: Dodged            |    29 |    15 ||    44

Table legend:
 A = Spawn XP
 B = Non-spawn XP
 C = Spawn XP percentage of total XP
 D = Spawn monster count
 E = Non-spawn monster count
 F = Spawn count percentage of total count
 G = Total turns spent on level
                    A         B        C        D         E        F      G
               +---------+---------+-------+---------+---------+-------+---------
         Total |       0 |     333 |   0.0 |       0 |      28 |   0.0 |   535
               +---------+---------+-------+---------+---------+-------+---------
           D:1 |       0 |      18 |   0.0 |       0 |      10 |   0.0 |   157
           D:2 |       0 |       6 |   0.0 |       0 |       4 |   0.0 |    66
           D:3 |       0 |     132 |   0.0 |       0 |       6 |   0.0 |   171
           D:4 |       0 |     125 |   0.0 |       0 |       6 |   0.0 |   114
           D:5 |       0 |      52 |   0.0 |       0 |       2 |   0.0 |    27
               +---------+---------+-------+---------+---------+-------+---------

Table legend:
 A = Turns spent in this place as a percentage of turns spent in the entire game.
 B = Non-inter-level travel turns spent in this place as a percentage of non-inter-level travel turns spent in the entire game.
 C = Inter-level travel turns spent in this place as a percentage of turns spent in this place.
 D = Turns resting spent in this place as a percentage of non-inter-level travel turns spent in this place.
 E = Turns spent auto-exploring this place as a percentage of non-inter-level travel turns spent in this place.
 F = Non-inter-level travel turns spent in this place divided by the number of levels of this place that you've seen.
                   A       B       C       D       E      F
               +-------+-------+-------+-------+-------+----------------------
         Total | 100.0 | 100.0 |   0.0 |   0.0 |   0.0 | 107.0
       Dungeon | 100.0 | 100.0 |   0.0 |   0.0 |   0.0 | 107.0
               +-------+-------+-------+-------+-------+----------------------

Table legend:
 A = Kills in this place as a percentage of kills in entire the game.
 B = Kills by you in this place as a percentage of kills by you in the entire game.
 C = Kills by friends in this place as a percentage of kills by friends in the entire game.
 D = Other kills in this place as a percentage of other kills in the entire game.
 E = Experience gained in this place as a percentage of experience gained in the entire game.
 F = Experience gained in this place divided by the number of levels of this place that you have seen.
                   A       B       C       D       E      F
               +-------+-------+-------+-------+-------+----------------------
         Total | 100.0 | 100.0 | 100.0 |   N/A | 100.0 |  66.6
       Dungeon | 100.0 | 100.0 | 100.0 |   N/A | 100.0 |  66.6
               +-------+-------+-------+-------+-------+----------------------

Vault maps used:
D:1:      minmay_arrival_cross, minmay_misc_feat_roman, minmay_misc_feat_x,
          corexii_item_surrounded_by_moat, hex_intersection,
          wad_floor_pattern_untrapped
D:2:      old_standard_altar, okawaru_ov_weapons_minmay, lemuel_blue_sif_altar,
          minmay_hexomino_p4
D:3:      gammafunk_temple_overflow_elements, serial_glass, glass_columns_b,
          glass_columns_b, glass_columns_a, glass_columns_a, glass_columns_b,
          glass_columns_c, first_ration
D:4:      vehumet_altar_wand_db, minmay_tree_intersection,
          uniq_crazy_yiuf_cottage
D:5:      lemuel_round_altar, lightli_temple_of_fire, uniq_duvessa
